 Dungeon Crawl Stone Soup version 0.32-a0-996-gb3226c233f (webtiles) character file.

Game seed: 14871065906295579692

733 GiantSquids the Grappler (level 7, -3/46 HPs)
             Began as an Octopode Cinder Acolyte on Apr 23, 2024.
             Was a High Priest of Ignis.
             Slain by a tentacled starspawn (11 damage)
             ... on level 3 of the Abyss.
             The game lasted 00:12:53 (4142 turns).

GiantSquids the Grappler (Octopode Cinder Acolyte)  Turns: 4142, Time: 00:12:54

Health: -3/46      AC:  1    Str: 16    XL:     7   Next: 74%
Magic:  8/8        EV: 11    Int: 16    God:    Ignis [*****.]
Gold:   217        SH:  0    Dex: 13    Spells: 8/8 levels left

rFire   + . .        r - +6 club (spect)
rCold   . . .        (no shield)
rNeg    . . .        (helmet restricted)
rPois   .            (no amulet)
rElec   .            h - ring of willpower
rCorr   .            w - +6 ring of dexterity
SInv    .            (no ring)
Will    +....        (no ring)
Stlth   +++          (no ring)
HPRegen 0.27/turn    (no ring)
MPRegen 0.11/turn    (no ring)
                     (no ring)

%: no passive effects
@: no status effects
A: almost no armour, amphibious, 8 rings, camouflage 1, gelatinous body 1,
(nimble swimmer 1), tentacles
a: Renounce Religion, Fiery Armour, Foxfire Swarm


You were on level 3 of the Abyss.
You worshipped Ignis.
Ignis was extremely pleased with you.
You visited 1 branch of the dungeon, and saw 6 of its levels.
You visited the Abyss 1 time.

You collected 241 gold pieces.
You spent 24 gold pieces at shops.

Inventory:

Hand Weapons
 r - a +6 spectral club (weapon)
Missiles
 e - 5 poisoned darts (quivered)
 f - 64 stones
Jewellery
 h - a ring of willpower (left tentacle)
 w - a +6 ring of dexterity (right tentacle)
Wands
 k - a wand of mindburst (7)
 q - a wand of charming (7)
Scrolls
 a - a scroll of immolation {unknown}
 b - 4 scrolls of teleportation
 j - 2 scrolls of revelation {unknown}
 l - a scroll of vulnerability {unknown}
 m - 4 scrolls of identify
 n - a scroll of enchant armour {unknown}
 o - a scroll of noise {unknown}
 p - 2 scrolls of fog {unknown}
 s - a scroll of fear {unknown}
 v - a scroll of amnesia {unknown}
Potions
 c - 2 potions of might {unknown}
 d - 4 potions of enlightenment {unknown}
 g - 2 potions of curing {unknown}
 i - 2 potions of ambrosia {unknown}
 t - a potion of mutation {unknown}
 u - a potion of attraction {unknown}


   Skills:
 + Level 3.1 Fighting
 + Level 0.6 Dodging
 - Level 4.0 Stealth
 + Level 8.1 Unarmed Combat
 - Level 1.0 Spellcasting
 - Level 3.0 Fire Magic
 + Level 0.5 Shapeshifting


You had 8 spell levels left.
You didn't know any spells.
Your spell library contained the following spells:

 Spells                   Type           Power      Damage    Failure   Level
 Scorch                   Fire           20%        2d5       10%         2


Dungeon Overview and Level Annotations

Branches:
Dungeon (6/15)
 Temple: D:4-7

Altars:
Dithmenos
Sif Muna

Shops:
D:3 ?(:

Annotations:
D:5 Dowan, Duvessa


Innate Abilities, Weirdness & Mutations

You cannot wear most types of armour.
You are amphibious.
You can wear up to eight rings at the same time.
Your skin changes colour to match your surroundings (Stealth+).
Your rubbery body absorbs attacks. (AC +1, EV +1)
((You are camouflaged when in or above water. (Stealth+)))
You have tentacles for arms and can constrict up to eight enemies at once.


Message History

You begin to rise into the air.
The will-o-the-wisp engulfs you!
The will-o-the-wisp is burned by your cloak of flames.
The will-o-the-wisp resists.
The will-o-the-wisp is lightly damaged.
You hit the will-o-the-wisp.
The will-o-the-wisp is lightly damaged.
Your +6 spectral club barely misses the will-o-the-wisp.
With a burst of heat and light, you rocket upward!
You plunge deeper into the Abyss.
The abyssal rune of Zot can be found at this depth.
Your +6 spectral club disappears.
The abyss shimmers again as the detected abyssal rune vanishes from your memory.
You start resting.
HP restored.
Unknown command.
Okay, then.
Your fiery armour burns out.
The smoke demon roars!
As you read the scroll labelled LAOTHU KITOM, it crumbles to dust.
You feel strangely unstable.
You feel the power of the Abyss delaying your translocation!
It was a scroll of teleportation.
The smoke demon roars!
You are suddenly pulled into a different region of the Abyss!
A smoke demon comes into view.
A white imp comes into view.
A large abomination comes into view.
A smoke demon comes into view.
Found a corrupted altar of Lugonu.
The smoke demon roars!
A lurking horror comes into view.
You feel yourself growing ill in the presence of the ancient zyme.
A ynoxinul comes into view.
A tentacled starspawn comes into view.
The tentacled starspawn bites you!!!
Ouch! That really hurt!
* * * LOW HITPOINT WARNING * * *
The tentacled starspawn tentacle-slaps you!
You die...
Ignis goes out, and joins you in death.

..... ..*. #...
...# #.. ...# .. .
##.## ##.## #.# ..
##...###...###...
...#.....#.....#...
...................
.#.....#.....#.
##..@###...##
##X#####.####
........t.3.§3
##..##.. #..##§ #..
#.. #..# ......
.... ....... .....
...... ....... ....
.. .....


You could see a tentacled starspawn.

Vanquished Creatures
  A steam dragon (D:5)
  A water moccasin (D:5)
  A bombardier beetle (D:4)
  A jelly (D:6)
  3 hounds
  Jessica (D:3)
  Ijyb (D:4)
  Natasha (thrice) (D:3)
  8 gnolls
  7 adders
  A white imp (D:5)
  5 dart slugs
  A ribbon worm (D:5)
  3 orcs
  5 bats
  10 endoplasms
  8 goblins
  8 hobgoblins
  4 jackals
  6 kobolds
  2 quokkas
  4 ball pythons
  3 frilled lizards (D:1)
  A rat (D:2)
88 creatures vanquished.

Vanquished Creatures (others)
  3 foxfires (Abyss:3)
3 creatures vanquished.

Grand Total: 91 creatures vanquished

Notes
Turn   | Place    | Note
-------+----------+-------------------------------------------
     0 | D:1      | GiantSquids the Octopode Cinder Acolyte began the quest for
                  | the Orb.
     0 | D:1      | Reached XP level 1. HP: 16/16 MP: 2/2
    32 | D:1      | Upgraded the game from 0.32-a0-995-gb4a59205af to
                  | 0.32-a0-996-gb3226c233f
    45 | D:1      | Reached skill level 1 in Stealth
    45 | D:1      | Reached XP level 2. HP: 16/21 MP: 3/3
   263 | D:1      | Reached XP level 3. HP: 20/26 MP: 4/4
   363 | D:1      | Found a faded altar of an unknown god.
   760 | D:2      | Reached skill level 4 in Unarmed Combat
   961 | D:2      | Reached XP level 4. HP: 31/31 MP: 5/5
  1443 | D:3      | Noticed Natasha
  1461 | D:3      | Killed Natasha
  1554 | D:3      | Noticed Natasha
  1560 | D:3      | Killed Natasha
  1561 | D:3      | Reached XP level 5. HP: 34/36 MP: 6/6
  1612 | D:3      | Found Jyet's Book Shop.
  1613 | D:3      | Noticed Jessica
  1637 | D:3      | Killed Jessica
  1638 | D:3      | Reached skill level 5 in Unarmed Combat
  1710 | D:3      | Found Mahu's Antique Weapon Shoppe.
  1900 | D:3      | Found Joott's Magic Scroll Shop.
  1908 | D:3      | Bought a scroll of identify for 24 gold pieces
  2038 | D:3      | Noticed Natasha
  2056 | D:3      | Killed Natasha
  2185 | D:4      | Reached XP level 6. HP: 42/42 MP: 7/7
  2369 | D:4      | Noticed Ijyb
  2373 | D:4      | Killed Ijyb
  2374 | D:4      | Reached skill level 6 in Unarmed Combat
  2521 | D:4      | Found a shadowy altar of Dithmenos.
  2663 | D:5      | Entered Level 5 of the Dungeon
  2693 | D:5      | Noticed a water moccasin
  2701 | D:5      | Killed a water moccasin
  2739 | D:5      | Reached skill level 7 in Unarmed Combat
  2768 | D:5      | Reached XP level 7. HP: 46/46 MP: 8/8
  2783 | D:5      | Noticed Dowan
  2959 | D:5      | Noticed a steam dragon
  2965 | D:5      | Killed a steam dragon
  3106 | D:5      | Found a shimmering blue altar of Sif Muna.
  3353 | D:5      | Reached skill level 8 in Unarmed Combat
  3425 | D:5      | Noticed Duvessa
  3763 | Abyss:2  | Found a corrupted altar of Lugonu.
  3763 | Abyss:2  | Cast into level 2 of the Abyss (gnoll sergeant)
  3778 | Abyss:2  | Found a corrupted altar of Lugonu.
  3778 | Abyss:2  | Noticed a large abomination
  3793 | Abyss:2  | Found a corrupted altar of Lugonu.
  3795 | Abyss:3  | Found a corrupted altar of Lugonu.
  3805 | Abyss:3  | Noticed an orange demon
  3829 | Abyss:3  | Noticed a will-o-the-wisp
  3830 | Abyss:3  | Noticed a starcursed mass
  3963 | Abyss:3  | Noticed a large abomination
  3994 | Abyss:3  | Noticed a spatial vortex
  4020 | Abyss:3  | Noticed a large abomination
  4025 | Abyss:3  | Noticed a smoke demon
  4030 | Abyss:3  | Noticed a caustic shrike zombie
  4035 | Abyss:3  | Noticed a phantasmal warrior
  4037 | Abyss:3  | Noticed a worldbinder
  4040 | Abyss:3  | Noticed a smoke demon
  4046 | Abyss:3  | Noticed a tentacled monstrosity
  4048 | Abyss:3  | Noticed a starcursed mass
  4082 | Abyss:3  | Noticed a smoke demon
  4099 | Abyss:3  | Noticed a large abomination
  4113 | Abyss:3  | Noticed a smoke demon
  4115 | Abyss:3  | Noticed a smoke demon
  4120 | Abyss:3  | Found a corrupted altar of Lugonu.
  4130 | Abyss:3  | Noticed an ancient zyme
  4132 | Abyss:3  | Noticed a ynoxinul
  4136 | Abyss:3  | Noticed an apocalypse crab
  4140 | Abyss:3  | Noticed a tentacled starspawn
  4142 | Abyss:3  | Slain by a tentacled starspawn

Illustrated notes

Levels and vault maps discovered:
D:1:      saegor_arrival_simple_e, layout_basic,
          shapermc_ecumenical_altar_ellora, serial_bayou, serial_bayou_crossing,
          serial_bayou_pond_d, serial_bayou_shore_a, serial_bayou_pond_b,
          serial_bayou_pond_e, serial_bayou_lake_a, minmay_pentomino_t4
D:2:      layout_basic
D:3:      layout_rooms, serial_shops, nicolae_shop_hallway_stairs,
          nicolae_shop_window_shopping, shop, st_stairs_6, glass_columns_b,
          uniq_jessica, uniq_natasha
D:4:      layout_cave_pools, nicolae_overflow_crystal_walls, uniq_ijyb
D:5:      layout_gridville, nicolae_sif_muna_little_library, zin_statuary,
          dk_vineyard_3, fountainhead, uniq_duvessa
D:6:      layout_loops_corners, minmay_temple_entry_sparse_star,
          minmay_shop_enchanted_jewellery, minmay_misc_feat_secret_circle
Abyss:3:  base: D:5, evilmike_abyss_rune_siren_acolytes,
          evilmike_abyss_rune_siren_acolytes, hangedman_decor_points, base: D:3,
          hangedman_cross_veins

Skill      XL: |  1  2  3  4  5  6  7 |
---------------+----------------------+-----
Stealth        | 1 2 3 4 |  4.0
Unarmed Combat | 4 5 7 8 |  8.1
Fighting       | |  3.1
Dodging        | |  0.6
Spellcasting   | |  1.0
Fire Magic     | |  3.0
Shapeshifting  | |  0.5

Action                     |  1- 3 |  4- 6 |  7- 9 || total
---------------------------+-------+-------+-------++-------
  Melee: Unarmed           |    57 |    68 |       ||   125
         Constrict         |    14 |    20 |    10 ||    44
         Tentacles         |     9 |    21 |     5 ||    35
         Punch             |       |     2 |       ||     2
         Club              |       |    16 |    29 ||    45
 Invoke: Fiery Armour      |       |     1 |     2 ||     3
         Rising Flame      |       |       |     1 ||     1
    Use: Scroll            |       |       |     1 ||     1
   Stab: Sleeping          |     9 |    13 |     4 ||    26
 Armour: Skin              |    24 |    34 |    25 ||    83
  Dodge: Dodged            |    14 |    44 |    25 ||    83

Table legend: (Time is in decaauts)
 A = Elapsed time spent in this place.
 B = Non-inter-level travel time spent in this place.
 C = Inter-level travel time spent in this place.
 D = Time resting spent in this place.
 E = Time spent auto-exploring this place.
 F = Levels seen in this place.
 G = Mean time per level.
                   A        B        C        D        E       F      G
               +--------+--------+--------+--------+--------+-----+--------+
         Total |   4142 |   4090 |     52 |    221 |   2679 |   9 |  460.2 |
       Dungeon |   3764 |   3712 |     52 |    140 |   2679 |   6 |  627.3 |
         Abyss |    378 |    378 |      0 |     81 |      0 |   3 |  126.0 |
               +--------+--------+--------+--------+--------+-----+--------+

Top non-repeatable levels by time:
     D:5: 782 daAuts
     D:3: 732 daAuts
     D:1: 720 daAuts
     D:2: 714 daAuts
     D:4: 486 daAuts
 Abyss:3: 346 daAuts
     D:6: 328 daAuts
 Abyss:2: 31 daAuts
